 Dungeon Crawl Stone Soup version 0.31-a0-7-g51783674b7 (webtiles) character file.

Game seed: 14810779815315758857

18 voltaire321 the Gusty (level 2, -9/18 HPs)
             Began as an Octopode Air Elementalist on May 6, 2023.
             Mangled by a gnoll
             ... wielding a +0 flail
              (12 damage)
             ... on level 3 of the Dungeon.
             The game lasted 00:04:53 (1495 turns).

voltaire321 the Gusty (Octopode Air Elementalist)   Turns: 1495, Time: 00:04:54

Health: -9/18      AC:  1    Str:  7    XL:     2   Next: 70%
Magic:  1/5        EV: 13    Int: 17    God:
Gold:   30         SH:  0    Dex: 12    Spells: 2/5 levels left

rFire   . . .        f - +0 rapier
rCold   . . .        (no shield)
rNeg    . . .        (helmet restricted)
rPois   .            (no amulet)
rElec   .            h - ring of wizardry
rCorr   .            (no ring)
SInv    .            (no ring)
Will    .....        (no ring)
Stlth   +++          (no ring)
HPRegen 0.23/turn    (no ring)
MPRegen 0.09/turn    (no ring)
                     (no ring)

%: wizardry (x1)
@: no status effects
A: almost no armour, amphibious, 8 rings, camouflage 1, gelatinous body 1,
(nimble swimmer 1), tentacles
a: no special abilities


You were on level 3 of the Dungeon.
You visited 1 branch of the dungeon, and saw 3 of its levels.

You collected 94 gold pieces.
You spent 64 gold pieces at shops.

Inventory:

Hand Weapons
 f - a +0 rapier (weapon)
Jewellery
 h - a ring of wizardry (left tentacle)
Scrolls
 b - 3 scrolls of enchant weapon {unknown}
 i - 5 scrolls of teleportation
 l - a scroll of amnesia {unknown}
 m - a scroll of magic mapping {unknown}
 n - a scroll of identify
Potions
 a - a potion of magic
 c - a potion of lignification
 d - 2 potions of might
 e - 2 potions of curing {unknown}
 g - a potion of berserk rage {unknown}
 j - 2 potions of ambrosia {unknown}
 k - a potion of heal wounds {unknown}


   Skills:
 + Level 0.7 Fighting
 + Level 2.2 Dodging
 - Level 2.6 Stealth
 + Level 2.2 Spellcasting
 + Level 1.3 Conjurations
 + Level 3.2 Air Magic


You had 2 spell levels left.
You knew the following spells:

 Your Spells              Type           Power      Damage    Failure   Level
a - Shock                 Conj/Air       36%        1d5       3%          1
b - Static Discharge      Conj/Air       18%        2-3/arc   4%          2

Your spell library contained the following spells:

 Spells                   Type           Power      Damage    Failure   Level
 Apportation              Tloc           2%         N/A       8%          1
 Necrotise                Necr           4%         1d4       8%          1
 Summon Small Mammal      Summ           4%         N/A       8%          1
 Ensorcelled Hibernation  Hex/Ice        2%         N/A       12%         2
 Swiftness                Air            12%        N/A       6%          3
 Airstrike                Air            6%         2d(1-17)  21%         4
 Spider Form              Tmut/Pois      1%         N/A       22%         3
 Anguish                  Hex/Necr       0%         N/A       56%         4


Dungeon Overview and Level Annotations

Branches:
Dungeon (3/15)

Altars:

Shops:
D:2 ?:==?


Innate Abilities, Weirdness & Mutations

You cannot wear most types of armour.
You are amphibious.
You can wear up to eight rings at the same time.
Your skin changes colour to match your surroundings (Stealth+).
Your rubbery body absorbs attacks. (AC +1, EV +1)
((You are camouflaged when in or above water. (Stealth+)))
You have tentacles for arms and can constrict up to eight enemies at once.


Message History

The zap hits the gnoll but does no damage.
The gnoll is lightly wounded.
You see here a rat corpse.
You see here a +0 club.
A rat comes into view.
Aiming: Shock (safe; 3% risk of failure)
Press: ? - help, Q - select action, (/) - cycle Shift-Dir - straight line, f/p - gnoll
Aim: a gnoll, wielding a +0 flail (moderately wounded, 72% to hit)
The zap hits the gnoll.
The gnoll is moderately wounded.
The zap misses the gnoll.
The zap hits the gnoll.
The gnoll is heavily wounded.
The zap hits the gnoll.
The gnoll is moderately wounded.
The zap hits the rat.
The rat is severely wounded.
Aiming: Shock (safe; 3% risk of failure)
Press: ? - help, Q - select action, (/) - cycle Shift-Dir - straight line, f/p - gnoll
Aim: a gnoll, wielding a +0 flail (moderately wounded, 72% to hit)
The zap misses the gnoll.
The zap hits the gnoll.
The gnoll is lightly wounded.
The zap misses the gnoll.
The zap hits the gnoll.
The gnoll is severely wounded.
The zap hits the rat.
You kill the rat!
The gnoll hits you with a +0 flail!
Ouch! That really hurt!
You hit the gnoll. Your grab misses the gnoll.
The gnoll is moderately wounded.
The gnoll hits you with a +0 flail!
* * * LOW HITPOINT WARNING * * *
You hit the gnoll. You grab the gnoll. Your squeeze misses the gnoll.
The gnoll is severely wounded.
You constrict the gnoll, but do no damage.
The gnoll misses you.
You completely miss the gnoll.
The gnoll is severely wounded.
You constrict the gnoll. The gnoll hits you with a +0 flail!
Ouch! That really hurt!
You die...

#.#...... .#..###...
#....###g#. ###....#g##
#..#..g.# ##......#
#####...
#####################).#
.......@gggg...†.......#
######################.#
#.. ###


You could see 4 gnolls.

Vanquished Creatures
  4 endoplasms (D:2)
  2 giant cockroaches
  2 hobgoblins (D:2)
  A kobold (D:1)
  A ball python (D:1)
  2 bats (D:1)
  2 frilled lizards (D:2)
  4 rats
18 creatures vanquished.

Notes
Turn   | Place    | Note
-------+----------+-------------------------------------------
     0 | D:1      | voltaire321 the Octopode Air Elementalist began the quest
                  | for the Orb.
     0 | D:1      | Reached XP level 1. HP: 11/11 MP: 3/3
   699 | D:2      | Found Yraow Ynun's Magic Scroll Shoppe.
   707 | D:2      | Bought a scroll of identify for 22 gold pieces
   719 | D:2      | Found Alyigiez's Jewellery Shop.
   798 | D:2      | Found Fiaxag's Magic Scroll Shoppe.
   836 | D:2      | Reached XP level 2. HP: 18/18 MP: 1/5
   838 | D:2      | Bought a scroll of teleportation for 42 gold pieces
   891 | D:2      | Learned a level 2 spell: Static Discharge
   916 | D:2      | Found Ycatte's Jewellery Shoppe.
   919 | D:2      | Found Ixted's Book Boutique.
  1495 | D:3      | Mangled by a gnoll

Illustrated notes

Levels and vault maps discovered:
D:1:      mrwooster_arrival_statue_3, layout_loops_ring
D:2:      layout_loops_ring, serial_shops, nicolae_shop_waterfront,
          nicolae_shop_tiny_waterfront, shop, shop, nicolae_shop_gaudy_bauble,
          st_stairs_2
D:3:      layout_rooms, mainiacjoe_overflow_catwalk,
          gammafunk_ghost_nasty_kobolds, supply_closet_lemuel

Action                     || total
---------------------------++-------
  Melee: Rapier            ||     9
         Constrict         ||     3
         Tentacles         ||     2
   Cast: Shock             ||    31
    Use: Scroll            ||     3
  Dodge: Dodged            ||     3

Table legend: (Time is in decaauts)
 A = Elapsed time spent in this place.
 B = Non-inter-level travel time spent in this place.
 C = Inter-level travel time spent in this place.
 D = Time resting spent in this place.
 E = Time spent auto-exploring this place.
 F = Levels seen in this place.
 G = Mean time per level.
                   A        B        C        D        E       F      G
               +--------+--------+--------+--------+--------+-----+--------+
         Total |   1495 |   1423 |     72 |     28 |   1161 |   3 |  498.3 |
       Dungeon |   1495 |   1423 |     72 |     28 |   1161 |   3 |  498.3 |
               +--------+--------+--------+--------+--------+-----+--------+

Top non-repeatable levels by time:
     D:2: 748 daAuts
     D:1: 695 daAuts
     D:3: 51 daAuts
